 Dungeon Crawl Stone Soup version 0.28.0-43-g3370ac3207 (webtiles) character file.

Game seed: 9568092867484631642

119 pkoi the Conjurer (level 4, 0/33 HPs)
             Began as a Draconian Conjurer on Mar 10, 2022.
             Slain by a gnoll
             ... wielding a +0 flail
              (5 damage)
             ... on level 2 of the Dungeon.
             The game lasted 00:03:30 (3636 turns).

pkoi the Conjurer (Draconian Conjurer)              Turns: 3636, Time: 00:03:31

Health: 0/33       AC:  5    Str:  9    XL:     4   Next: 74%
Magic:  7/7        EV: 12    Int: 21    God:
Gold:   82         SH:  0    Dex:  9    Spells: 6/7 levels left

rFire   . . .      SeeInvis .   f - +1 dagger (drain)
rCold   . . .      Faith    .   (no shield)
rNeg    . . .      Spirit   .   (armour unavailable)
rPois   .          Reflect  .   (helmet restricted)
rElec   .          Harm     .   (no cloak)
rCorr   .          Rampage  .   (no gloves)
Will    .....                   (no boots)
Stlth   ++........              (no amulet)
HPRegen 0.11/turn               (no ring)
MPRegen 0.10/turn               (no ring)

@: no status effects
A: AC +5, unfitting armour, cold-blooded
a: no special abilities


You were on level 2 of the Dungeon.
You visited 1 branch of the dungeon, and saw 4 of its levels.

You collected 82 gold pieces.

Inventory:

Hand Weapons
 f - a +1 dagger of draining (weapon)
 l - the +5 shortbow "Satoh" {flame, rF- Int+2 Dex+3}
   (You found it on level 2 of the Dungeon)

   Any ammunition fired from it burns those it strikes, dealing additional fire
   damage.
   Int:       It affects your intelligence (+2).
   Dex:       It affects your dexterity (+3).
   rF:        It makes you vulnerable to fire.
Scrolls
 b - a scroll of amnesia {unknown}
Potions
 a - 2 potions of heal wounds
 c - 2 potions of curing
 d - a potion of mutation
 e - a potion of brilliance {unknown}
 g - a potion of attraction {unknown}
 h - a potion of cancellation
 i - a potion of resistance {unknown}
 m - 2 potions of flight


   Skills:
 - Level 1.7 Dodging
 - Level 1.7 Stealth
 - Level 2.0 Spellcasting
 + Level 6.2 Conjurations


You had 6 spell levels left.
You knew the following spells:

 Your Spells              Type           Power      Damage    Failure   Level
a - Magic Dart            Conj           100%       1d8       1%          1

Your spell library contained the following spells:

 Spells                   Type           Power      Damage    Failure   Level
 Searing Ray              Conj           56%        2d6       1%          2
 Conjure Flame            Conj/Fire      15%        6-21      12%         3
 Dazzling Flash           Conj/Hex       30%        N/A       12%         3
 Mephitic Cloud           Conj/Pois/Air  10%        N/A       19%         3
 Fulminant Prism          Conj/Hex       7%         3d7       38%         4
 Hailstorm                Conj/Ice       15%        3d5       38%         4
 Iskenderun's Mystic Bla  Conj/Tloc      15%        2d5       38%         4
 Sticky Flame             Conj/Fire      15%        2d4       38%         4
 Gell's Gravitas          Tloc           2%         N/A       41%         3
 Ignite Poison            Fire/Tmut/Pois 2%         N/A       41%         3
 Teleport Other           Tloc           2%         N/A       41%         3
 Dispel Undead            Necr           2%         3d7       82%         4
 Ice Form                 Ice/Tmut       2%         N/A       82%         4
 Dispersal                Tloc           1%         N/A       100%        6
 Simulacrum               Ice/Necr       1%         N/A       100%        6
 Lehudib's Crystal Spear  Conj/Erth      7%         10d3      100%        8


Dungeon Overview and Level Annotations

Branches:
Dungeon (4/15)
 Temple: D:4-7

Altars:


Innate Abilities, Weirdness & Mutations

Your plain brown scales are hard. (AC +5)
You cannot fit into any form of body armour.
You are cold-blooded and may be slowed by cold attacks.


Message History

* * * LOW HITPOINT WARNING * * *
Aiming: Magic Dart (safe; 1% risk of failure)
Press: ? - help, Q - select action Shift-Dir - straight line, f/p - gnoll
Aim: a gnoll, wielding a +0 flail (100% to hit)
The magic dart hits the gnoll but does no damage.
Unknown command.
There is an open door here.
There is a stone staircase leading up here.
The gnoll hits you with a +0 flail.
* * * LOW HITPOINT WARNING * * *
You climb upwards.
There is a stone staircase leading down here.
The +5 shortbow "Satoh" {flame, rF- Int+2 Dex+3} stops flaming.
You sense an unholy aura.
f - a +1 dagger of draining (weapon)
You feel clever.
You feel agile.
The +5 shortbow "Satoh" {flame, rF- Int+2 Dex+3} bursts into flame!
l - the +5 shortbow "Satoh" (weapon)
{flame, rF- Int+2 Dex+3} The gnoll barely misses you.
The +5 shortbow "Satoh" {flame, rF- Int+2 Dex+3} stops flaming.
You sense an unholy aura.
f - a +1 dagger of draining (weapon)
You feel clever.
You feel agile.
The +5 shortbow "Satoh" {flame, rF- Int+2 Dex+3} bursts into flame!
l - the +5 shortbow "Satoh" (weapon)
{flame, rF- Int+2 Dex+3} The gnoll hits you with a +0 flail.
* * * LOW HITPOINT WARNING * * *
There is an escape hatch in the ceiling here.
The +5 shortbow "Satoh" {flame, rF- Int+2 Dex+3} stops flaming.
You sense an unholy aura.
f - a +1 dagger of draining (weapon)
You hit the gnoll. You drain the gnoll.
You tail-slap the gnoll, but do no damage.
The gnoll is moderately wounded.
The gnoll hits you with a +0 flail.
* * * LOW HITPOINT WARNING * * *
You hit the gnoll.
The gnoll is moderately wounded.
The gnoll hits you with a +0 flail.
You die...

###.........#####................
.##.........# #................
......####+######...#.....#######
......# #......#................
.....## #......#................
.....# ##......#................
...######........................
.............>..g#...............
....#####.......@#...........####
....# #........#.....###...#
....# ###............♣.# #...#
....###.....#...####♣.♣# #...####
.....##.....#.......♣.♣♣##.......
.....##.....#....♣##♣..♣.........
.###.##.....#....♣♣ ♣♣.♣.........
...#..#.........♣.♣ ♣.♣.........
...#.........<..♣.♣♣♣♣.♣#........


You could see a gnoll (drained).

Vanquished Creatures
  3 adders (D:3)
  3 gnolls
  2 dart slugs
  12 endoplasms
  4 goblins
  5 hobgoblins
  A quokka (D:1)
  6 ball pythons
  4 bats
  4 frilled lizards
  5 kobolds
  9 rats
58 creatures vanquished.

Notes
Turn   | Place    | Note
-------+----------+-------------------------------------------
     0 | D:1      | pkoi the Draconian Conjurer began the quest for the Orb.
     0 | D:1      | Reached XP level 1. HP: 14/14 MP: 3/3
   210 | D:1      | Reached XP level 2. HP: 20/20 MP: 1/5
  1011 | D:2      | Reached skill level 5 in Conjurations
  1075 | D:2      | Reached XP level 3. HP: 26/26 MP: 4/6
  1289 | D:2      | Identified the +5 shortbow "Satoh" {flame, rF- Int+2 Dex+3}
  1338 | D:2      | Found a faded altar of an unknown god.
  2106 | D:3      | Got the Compendium of Stolen Souls and Battle Magic
  2169 | D:3      | Reached XP level 4. HP: 33/33 MP: 4/7
  3208 | D:4      | Reached skill level 6 in Conjurations
  3636 | D:2      | Slain by a gnoll

Illustrated notes

Levels and vault maps discovered:
D:1:      dpeg_arrival_shelter, layout_loops_ring
D:2:      layout_basic, shapermc_ecumenical_altar_totnotflames
D:3:      layout_basic, serial_park_tiny_pond, feat_on_display
D:4:      layout_gridville, uniq_menkaure

Skill      XL: |  1  2  3  4 |
---------------+-------------+-----
Conjurations   | 5 6 |  6.2
Dodging        | |  1.7
Stealth        | |  1.7
Spellcasting   | |  2.0

Action                   |  1- 3 |  4- 6 || total
-------------------------+-------+-------++-------
Melee: Dagger            |     4 |     2 ||     6
       Tailslap          |       |     1 ||     1
 Cast: Magic Dart        |    76 |    40 ||   116
  Use: Scroll            |     9 |       ||     9
Armor: Skin              |     1 |     3 ||     4
Dodge: Dodged            |     6 |    12 ||    18
